 Dungeon Crawl Stone Soup version 0.23.0 (webtiles) character file.

Game seed: 1871877494509305468

26548 LostNumber the Slicer (level 13, -2/105 HPs)
             Began as a Vine Stalker Berserker on Feb 9, 2019.
             Was a High Priest of Trog.
             Slain by a blink frog (7 damage)
             ... on level 4 of the Lair of Beasts.
             The game lasted 00:22:55 (11563 turns).

LostNumber the Slicer (Vine Stalker Berserker)     Turns: 11563, Time: 00:22:55

Health: -2/105     AC: 13    Str: 29    XL:     13   Next: 26%
Magic:  0/14       EV: 17    Int:  7    God:    Trog [*****.]
Gold:   932        SH:  0    Dex: 15    Spells: 12/12 levels left

rFire    . . .     SeeInvis .   O - +8 arc blade {discharge, rElec}
rCold    . . .     Gourm    .   (no shield)
rNeg     . . .     Faith    .   c - +0 ring mail
rPois    .         Spirit   +   q - +0 helmet
rElec    +         Reflect  .   B - +0 cloak
rCorr    .         Harm     .   A - +0 pair of gloves
MR       +++..                  C - +1 pair of boots
Stlth    ..........             (no amulet)
HPRegen  2.07/turn              (no ring)
MPRegen  0.14/turn              (no ring)

@: berserking (expiring), regenerating, very quick
A: fangs 3, regeneration 2, magic shield, antimagic bite, no potion heal 3, rot
immunity
a: Berserk, Trog's Hand, Brothers in Arms, Renounce Religion


You were on level 4 of the Lair of Beasts.
You worshipped Trog.
Trog was extremely pleased with you.
You were not hungry.

You visited 2 branches of the dungeon, and saw 14 of its levels.

You collected 932 gold pieces.

Inventory:

Hand Weapons
 a - a +0 short sword
 y - a +0 short sword of venom
   (You took it off an orc on level 4 of the Dungeon)
 H - the +10 long sword of the Demagogue {slice, rElec}
   (You found it on level 6 of the Dungeon)

   It inflicts extra damage upon your enemies.
   It insulates you from electricity.
 O - the +8 arc blade (weapon) {discharge, rElec}
   (Trog gifted it to you on level 10 of the Dungeon)

   It insulates you from electricity.
Missiles
 E - 3 poisoned javelins (quivered)
Armour
 b - a +0 animal skin
 c - a +0 ring mail (worn)
   (You took it off an orc on level 4 of the Dungeon)
 q - a +0 helmet (worn)
   (You found it on level 2 of the Dungeon)
 A - a +0 pair of gloves (worn)
   (You found it on level 5 of the Dungeon)
 B - a +0 cloak (worn)
   (You took it off Crazy Yiuf on level 5 of the Dungeon)
 C - a +1 pair of boots (worn)
   (You found it on level 5 of the Dungeon)
 K - the +3 hat of Pondering {ponderous, MR+ MP+10 Int+5}
   (You took it off Gastronok on level 8 of the Dungeon)

   It affects your intelligence (+5).
   It affects your resistance to hostile enchantments.
   It affects your magic capacity (+10).
 R - a +0 large shield
   (You found it on level 10 of the Dungeon)
 Y - a +1 helmet
   (You found it on level 2 of the Lair of Beasts)
Jewellery
 I - a +3 amulet of reflection {unknown}
   (You found it on level 6 of the Dungeon)
 S - a cursed -2 ring of strength {unknown}
   (You found it on level 10 of the Dungeon)
 V - an uncursed ring of wizardry {unknown}
   (You found it on level 10 of the Dungeon)
 X - an uncursed amulet of the acrobat {unknown}
   (You found it on level 1 of the Lair of Beasts)
Wands
 d - a wand of iceblast (9)
   (You found it on level 9 of the Dungeon)
 t - a wand of flame (17)
   (You found it on level 6 of the Dungeon)
 u - a wand of polymorph (12)
   (You took it off Natasha on level 4 of the Dungeon)
 W - a wand of scattershot (12)
   (You found it on level 10 of the Dungeon)
Scrolls
 f - 16 scrolls of identify {unknown}
 j - 2 scrolls of enchant weapon {unknown}
 k - 7 scrolls of magic mapping {unknown}
 n - a scroll of immolation {unknown}
 r - a scroll of noise {unknown}
 w - 4 scrolls of amnesia {unknown}
 G - 3 scrolls of fog {unknown}
 J - 6 scrolls of teleportation {unknown}
 L - 2 scrolls of fear {unknown}
 N - 8 scrolls of remove curse {unknown}
 Q - a scroll of random uselessness {unknown}
 T - 2 scrolls of blinking {unknown}
Potions
 g - 5 potions of curing {@q1}
 h - a potion of haste {unknown}
 i - a potion of experience {unknown}
 l - a potion of might {unknown}
 m - 4 potions of lignification {unknown}
 o - 2 potions of agility {unknown}
 p - 4 potions of berserk rage {unknown}
 s - 6 potions of ambrosia {unknown}
 v - 2 potions of heal wounds {unknown}
 x - 2 potions of resistance {unknown}
 z - a potion of mutation {unknown}
 D - a potion of flight {unknown}
 F - 2 potions of magic {unknown}
 M - 3 potions of brilliance {unknown}
 P - a potion of cancellation {unknown}
 U - a potion of degeneration {unknown}
Comestibles
 e - 29 rations {!d}


   Skills:
 + Level 9.4 Fighting
 * Level 12.6 Short Blades
 + Level 8.3 Armour
 + Level 8.3 Dodging
 + Level 4.6 Shields


You had 12 spell levels left.
You didn't know any spells.
Your spell library was empty.

Dungeon Overview and Level Annotations

Branches:
Dungeon (10/15)            Temple (0/1) D:7            Lair (4/6) D:8
 Shoals (0/4) Lair:3        Snake (0/4) Lair:3          Orc (0/2) D:10

Altars:
Ashenzari
Elyvilon
Hepliaklqana
Kikubaaqudgha
Makhleb
Okawaru
Qazlal
Sif Muna
Trog
Uskayaw
Vehumet
Wu Jian
Zin
The Shining One
Beogh

Annotations:
D:9 6 exclusions
Lair:4 Urug


Innate Abilities, Weirdness & Mutations

You have razor-sharp teeth.
You heal very quickly.
When hurt, damage is shared between your health and your magic reserves.
Your bite disrupts and absorbs the magic of your enemies.
Potions cannot restore your health.
You are immune to rotting.


Message History

Something is struck by an arc of lightning!
The lightning grounds out.
The yak is struck by an arc of lightning!!
The dream sheep is struck by an arc of lightning.
The crocodile is struck by an arc of lightning.
The yak is struck by an arc of lightning.
The lightning grounds out.
You feel the power of Trog in you as your rage grows.
You kill the basilisk!
Trog accepts your kill.
You hit the dream sheep. You bite the dream sheep. You drain its power.
You feel invigorated.
The blink frog blinks!
The dream sheep bites you.
* * * LOW HITPOINT WARNING * * *
The yak gores you but does no damage.
You impale the dream sheep!!
You kill the dream sheep!
Trog accepts your kill.
Urug throws a javelin.
The javelin hits you!
* * * LOW HITPOINT WARNING * * *
Unknown command.
You puncture the dream sheep!
The arc blade crackles.
The dream sheep is struck by an arc of lightning!
You kill the dream sheep!
Trog accepts your kill.
The yak is struck by an arc of lightning!
You resist.
You are struck by an arc of lightning.
The blink frog blinks!
The dream sheep bites you but does no damage.
Unknown command.
You impale the yak!!
The arc blade crackles.
The dream sheep is struck by an arc of lightning!!
You kill the dream sheep!
Trog accepts your kill.
The lightning grounds out.
You kill the yak!
Trog accepts your kill.
Urug throws a javelin.
The javelin hits you!!
* * * LOW HITPOINT WARNING * * *
A seven-headed hydra comes into view.
The seven-headed hydra roars!
You puncture the yak! You bite the yak! You drain its power.
You feel invigorated. The blink frog misses you.
You impale the yak!!
You kill the yak!
Trog accepts your kill. The dream sheep bites you.
* * * LOW HITPOINT WARNING * * *
The blink frog blinks!
You puncture the blink frog! Your bite misses the blink frog.
The blink frog hits you!
You die...

#........
#........
.....D...
#........
##........
.S.......
#YtF..... #
##YY...... #.
#@†o...F..
.##.######F.......
............F.....
........^......§..
..................
....#..######....
. #..## #... #...#
..$ ##<.##


You could see a seven-headed hydra, Urug, a black mamba, 2 yaks, 4 blink frogs,
a crocodile and a dream sheep.

Vanquished Creatures
  Gastronok (D:8)
  2 hydras (Lair:2)
  A two-headed ogre (D:9)
  An unseen horror (D:10)
  Pikel (D:9)
  An elephant (D:8)
  A black mamba (Lair:1)
  Psyche (D:9)
  5 spiny frogs
  2 komodo dragons
  7 hippogriffs
  Grinder (D:3)
  A snapping turtle (Lair:3)
  13 blink frogs
  6 dream sheep (Lair:4)
  Sigmund (D:3)
  30 yaks
  5 basilisks
  4 hogs (D:7)
  A human (D:7)
  Menkaure (D:7)
  5 nagas (Lair:3)
  5 water moccasins
  3 ice beasts
  3 orc warriors
  8 porcupines
  2 black bears
  2 slaves (D:9)
  3 phantoms
  An eye of draining (D:9)
  A necrophage (D:10)
  An ogre (D:6)
  9 wolves
  12 centaurs
  11 crocodiles
  10 bullfrogs
  4 wights
  A vampire bat (D:6)
  5 howler monkeys
  2 electric eels (Lair:3)
  A lava snake (D:8)
  6 crimson imps
  A bullfrog zombie (D:9)
  6 hounds
  3 jellies
  4 orc priests
  Crazy Yiuf (D:5)
  7 orc wizards
  Jessica (D:3)
  Natasha (thrice) (D:4)
  2 iguanas (D:6)
  9 worker ants
  A worker ant zombie (D:8)
  2 howler monkey zombies
  3 gnolls (D:2)
  11 adders
  3 shadow imps
  3 oozes
  An adder zombie (D:9)
  3 worms
  5 dart slugs
  5 leopard geckos
  38 orcs
  4 bat skeletons (D:6)
  3 bat zombies (D:6)
  4 giant cockroaches
  3 hobgoblins
  10 jackals
  5 quokkas
  A ball python (D:1)
  5 bats
  6 frilled lizards
  11 goblins
  4 kobolds
  A quokka skeleton (D:6)
  A quokka zombie (D:6)
  11 rats
  3 fungi (Lair:2)
  2 plants (Lair:3)
367 creatures vanquished.

Vanquished Creatures (collateral kills)
  A yak (Lair:4)
1 creature vanquished.

Vanquished Creatures (others)
  A slave (D:9)
  An adder (D:8)
2 creatures vanquished.

Grand Total: 370 creatures vanquished

Notes
Turn   | Place    | Note
-------+----------+-------------------------------------------
     0 | D:1      | LostNumber the Vine Stalker Berserker began the quest for
                  | the Orb.
     0 | D:1      | Reached XP level 1. HP: 11/11 MP: 2/2
    33 | D:1      | Reached XP level 2. HP: 13/16 MP: 1/3
   108 | D:1      | Reached skill level 3 in Short Blades
   399 | D:1      | Reached XP level 3. HP: 16/19 MP: 4/4
   563 | D:1      | Reached ** piety under Trog
   840 | D:2      | Found a stormy altar of Qazlal.
  1257 | D:2      | Gained mutation: Your natural rate of healing is unusually
                  | fast. [Vine Stalker growth]
  1257 | D:2      | Reached XP level 4. HP: 18/24 MP: 5/5
  1508 | D:2      | Found a hide-covered altar of Uskayaw.
  1616 | D:2      | Noticed a bullfrog
  1629 | D:2      | Killed a bullfrog
  1629 | D:2      | Reached skill level 4 in Short Blades
  1629 | D:2      | Reached XP level 5. HP: 28/28 MP: 6/6
  1757 | D:2      | Found a glowing silver altar of Zin.
  1912 | D:3      | Noticed Grinder
  1917 | D:3      | Killed Grinder
  1917 | D:3      | Reached XP level 6. HP: 33/33 MP: 7/7
  2251 | D:3      | Noticed Jessica
  2256 | D:3      | Killed Jessica
  2256 | D:3      | Reached XP level 7. HP: 32/37 MP: 6/8
  2659 | D:3      | Found a bloodstained altar of Trog.
  2733 | D:3      | Noticed Sigmund
  2740 | D:3      | Killed Sigmund
  2740 | D:3      | Reached *** piety under Trog
  2740 | D:3      | Reached skill level 5 in Short Blades
  2879 | D:3      | Found a glowing golden altar of the Shining One.
  2999 | D:4      | Noticed Natasha
  3002 | D:4      | Found a deep blue altar of Sif Muna.
  3013 | D:4      | Killed Natasha
  3098 | D:4      | Noticed Natasha
  3175 | D:4      | Killed Natasha
  3183 | D:4      | Noticed Natasha
  3193 | D:4      | Killed Natasha
  3254 | D:4      | Gained mutation: You have razor-sharp teeth. [Vine Stalker
                  | growth]
  3254 | D:4      | Reached XP level 8. HP: 23/42 MP: 7/9
  3608 | D:4      | Reached skill level 6 in Short Blades
  3895 | D:5      | Entered Level 5 of the Dungeon
  4115 | D:5      | Found a runed translucent door.
  4116 | D:5      | Noticed Crazy Yiuf
  4194 | D:5      | Reached skill level 5 in Fighting
  4441 | D:5      | Killed Crazy Yiuf
  4668 | D:6      | Reached **** piety under Trog
  4677 | D:6      | Reached skill level 7 in Short Blades
  4682 | D:6      | Reached XP level 9. HP: 47/47 MP: 10/10
  5100 | D:6      | Found an ancient bone altar of Kikubaaqudgha.
  5290 | D:6      | Got a slimy long sword
  5291 | D:6      | Identified the +10 long sword of the Demagogue {slice,
                  | rElec} (You found it on level 6 of the Dungeon)
  5560 | D:6      | Found a hazy altar of Hepliaklqana.
  5633 | D:7      | Reached ***** piety under Trog
  5647 | D:7      | Found an iron altar of Okawaru.
  5724 | D:7      | Found an ornate altar of the Wu Jian Council.
  5773 | D:7      | Found a white marble altar of Elyvilon.
  5774 | D:7      | Noticed Menkaure
  5776 | D:7      | Killed Menkaure
  5795 | D:7      | Reached skill level 8 in Short Blades
  5795 | D:7      | Reached skill level 5 in Armour
  5795 | D:7      | Reached skill level 5 in Dodging
  5867 | D:7      | Found a staircase to the Ecumenical Temple.
  5970 | D:7      | Found an ornate altar of the Wu Jian Council.
  6033 | D:7      | Found a deep blue altar of Sif Muna.
  6169 | D:7      | Reached XP level 10. HP: 53/53 MP: 11/11
  6481 | D:8      | Noticed an elephant
  6482 | D:8      | Found a staircase to the Lair.
  6507 | D:8      | Killed an elephant
  6507 | D:8      | Reached skill level 9 in Short Blades
  6623 | D:8      | Noticed Gastronok
  6638 | D:8      | Killed Gastronok
  6941 | D:8      | Found a radiant altar of Vehumet.
  6959 | D:8      | Found a shattered altar of Ashenzari.
  7354 | D:9      | Reached XP level 11. HP: 58/58 MP: 12/12
  7382 | D:9      | Reached skill level 10 in Short Blades
  7397 | D:9      | Noticed a hell beast
  7398 | D:9      | Found a burning altar of Makhleb.
  7423 | D:9      | Noticed Psyche
  7428 | D:9      | Killed Psyche
  7590 | D:9      | Noticed Pikel
  7606 | D:9      | Killed Pikel
  7627 | D:9      | Noticed a two-headed ogre
  7633 | D:9      | Killed a two-headed ogre
  7802 | D:9      | Found a bloodstained altar of Trog.
  8061 | D:10     | Entered Level 10 of the Dungeon
  8158 | D:10     | Found a staircase to the Orcish Mines.
  8164 | D:10     | Received a gift from Trog
  8165 | D:10     | Found the +8 arc blade {discharge, rElec}
  8514 | D:10     | Killed an unseen horror
  8856 | D:10     | Found a roughly hewn altar of Beogh.
  8966 | Lair:1   | Entered Level 1 of the Lair of Beasts
  9147 | Lair:1   | Reached skill level 11 in Short Blades
  9147 | Lair:1   | Reached skill level 1 in Shields
  9336 | Lair:1   | Gained mutation: You heal very quickly. [Vine Stalker
                  | growth]
  9336 | Lair:1   | Reached XP level 12. HP: 55/65 MP: 9/13
  9646 | Lair:2   | Received a gift from Trog
  9657 | Lair:2   | Noticed a five-headed hydra
  9664 | Lair:2   | Killed a five-headed hydra
  9947 | Lair:2   | Noticed a six-headed hydra
  9965 | Lair:2   | Killed a six-headed hydra
 10117 | Lair:2   | Found a glowing golden altar of the Shining One.
 10300 | Lair:2   | Received a gift from Trog
 10734 | Lair:3   | Received a gift from Trog
 10734 | Lair:3   | Reached skill level 12 in Short Blades
 11081 | Lair:3   | Reached XP level 13. HP: 51/70 MP: 12/14
 11225 | Lair:3   | Found a staircase to the Snake Pit.
 11434 | Lair:3   | Found a staircase to the Shoals.
 11535 | Lair:4   | Noticed Urug
 11560 | Lair:4   | HP: 4/105 [Urug/javelin (11)]
 11563 | Lair:4   | Slain by a blink frog

Skill      XL: |  1  2  3  4  5  6  7  8  9 10 11 12 |
---------------+-------------------------------------+-----
Short Blades   | 3 4 5 7 8 9 11 12 | 12.6
Fighting       | 3 4 5 6 7 8 9 |  9.4
Dodging        | 2 3 4 5 6 7 8 |  8.3
Armour         | 2 3 4 5 6 7 8 |  8.3
Shields        | 1 4 |  4.6

Action                   |  1- 3 |  4- 6 |  7- 9 | 10-12 | 13-15 || total
-------------------------+-------+-------+-------+-------+-------++-------
Melee: Short sword       |    76 |    86 |   226 |       |       ||   388
       Bite              |    19 |    22 |   118 |   148 |    24 ||   331
       Long sword        |       |       |    69 |   128 |       ||   197
       Rapier            |       |       |       |   273 |    57 ||   330
Invok: Berserk           |       |     4 |     8 |     8 |     2 ||    22
       Trog's Hand       |       |       |       |     2 |     2 ||     4
       Brothers in Arms  |       |       |       |       |     1 ||     1
 Stab: Sleeping          |     2 |     1 |     2 |       |       ||     5
  Eat: Chunk             |     1 |     7 |    16 |    25 |     1 ||    50
       Ration            |       |       |     1 |       |     1 ||     2
Armor: Animal skin       |     9 |     8 |    11 |       |       ||    28
       Ring mail         |       |       |    58 |   104 |    20 ||   182
Dodge: Dodged            |    42 |    49 |   164 |   250 |    36 ||   541
       Rpst.: Long sword |       |       |     7 |    35 |       ||    42
